 Dungeon Crawl Stone Soup version 0.30-a0-358-g0d69a1922f (webtiles) character file.

Game seed: 8823795746945346949

86 quakins the Shooter (level 4, -2/24 HPs)
             Began as a Deep Elf Hexslinger on Nov 8, 2022.
             Slain by a white imp (4 damage)
             ... on level 3 of the Dungeon.
             The game lasted 00:04:46 (1377 turns).

quakins the Shooter (Deep Elf Hexslinger)           Turns: 1377, Time: 00:04:47

Health: -2/24      AC:  3    Str:  7    XL:     4   Next: 27%
Magic:  8/8        EV: 13    Int: 18    God:
Gold:   52         SH:  0    Dex: 17    Spells: 5/6 levels left

rFire   . . .      SeeInvis .    a - +1 sling
rCold   . . .      Faith    .    (no shield)
rNeg    . . .      Spirit   .    c - +0 robe
rPois   .          Reflect  .    (no helmet)
rElec   .          Harm     .    (no cloak)
rCorr   .          Rampage  .    k - +0 pair of gloves
Will    .....                    (no boots)
Stlth   ++........               (no amulet)
HPRegen 0.24/turn                (no ring)
MPRegen 0.11/turn                (no ring)

@: no status effects
A: no striking features
a: no special abilities


You were on level 3 of the Dungeon.
You visited 1 branch of the dungeon, and saw 3 of its levels.

You collected 52 gold pieces.

Inventory:

Hand Weapons
 a - a +1 sling (weapon)
Armour
 c - a +0 robe (worn)
 k - a +0 pair of gloves (worn)
Scrolls
 b - a scroll of poison
 e - 5 scrolls of identify {unknown}
 i - a scroll of blinking {unknown}
 j - a scroll of teleportation {unknown}
Potions
 d - a potion of ambrosia {unknown}
 f - a potion of magic {unknown}
 g - 2 potions of heal wounds {unknown}
 h - 2 potions of flight {unknown}
 l - 2 potions of curing {unknown}


   Skills:
 - Level 0.7 Fighting
 + Level 6.1 Ranged Weapons
 - Level 2.4 Dodging
 - Level 1.5 Spellcasting
 - Level 4.0 Hexes


You had 5 spell levels left.
You knew the following spells:

 Your Spells              Type           Power      Damage    Failure   Level
a - Slow                  Hex            60%        N/A       3%          1

Your spell library contained the following spells:

 Spells                   Type           Power      Damage    Failure   Level
 Inner Flame              Hex/Fire       8%         N/A       26%         3
 Portal Projectile        Hex/Tloc       16%        N/A       26%         3
 Static Discharge         Conj/Air       2%         2-3/arc   28%         2
 Cause Fear               Hex            7%         N/A       36%         4
 Vhi's Electric Charge    Tloc/Air       2%         N/A       50%         3
 Arcjolt                  Conj/Air       0%         1d10      99%         5
 Lightning Bolt           Conj/Air       0%         1d11      99%         5


Dungeon Overview and Level Annotations

Branches:
Dungeon (3/15)

Altars:
Dithmenos

Annotations:
D:2 1 runed translucent door, Crazy Yiuf


Message History

Fire: a) +1 sling
Press: ? - help, Q - select action, (/) - cycle Shift-Dir - straight line, f/p - white imp
Aim: a white imp (62% to hit)
You shoot a sling bullet. The sling bullet hits the white imp.
The white imp is moderately wounded.
The white imp hits you. The white imp freezes you.
The orc wizard mumbles some strange words.
The orc wizard flickers and vanishes!
Deactivating autopickup; reactivate with Ctrl-A.
The white imp closely misses you.
Fire: a) +1 sling
Press: ? - help, Q - select action, (/) - cycle Shift-Dir - straight line, f/p - white imp
Aim: a white imp (moderately wounded, 62% to hit)
You shoot a sling bullet.
The sling bullet barely misses the white imp.
The white imp misses you.
Fire: a) +1 sling
Press: ? - help, Q - select action, (/) - cycle Shift-Dir - straight line, f/p - white imp
Aim: a white imp (moderately wounded, 62% to hit)
You shoot a sling bullet. The sling bullet hits the white imp.
The white imp is almost dead.
The white imp gestures at you. The puff of frost hits you.
* * * LOW HITPOINT WARNING * * *
Fire: a) +1 sling
Press: ? - help, Q - select action, (/) - cycle Shift-Dir - straight line, f/p - white imp
Aim: a white imp (almost dead, 62% to hit)
You shoot a sling bullet.
The sling bullet barely misses the white imp.
The white imp completely misses you.
Fire: a) +1 sling
Press: ? - help, Q - select action, (/) - cycle Shift-Dir - straight line, f/p - white imp
Aim: a white imp (almost dead, 62% to hit)
You shoot a sling bullet.
The sling bullet hits the white imp but does no damage.
The white imp is almost dead.
The white imp hits you.
* * * LOW HITPOINT WARNING * * *
The white imp freezes you.
You die...

######
#....#
######....#
#.........#
#.####....#
#@# #....#
#.5.#
####.#
#..###
#†######
....
#<.....#
####
######.#


You could see a white imp.

Vanquished Creatures
  3 adders (D:2)
  2 worms (D:2)
  An orc (D:2)
  3 ball pythons
  2 endoplasms
  5 giant cockroaches
  5 hobgoblins
  7 jackals
  7 kobolds
  4 bats
  3 frilled lizards
  4 goblins
  5 rats
51 creatures vanquished.

Notes
Turn   | Place    | Note
-------+----------+-------------------------------------------
     0 | D:1      | quakins the Deep Elf Hexslinger began the quest for the
                  | Orb.
     0 | D:1      | Reached XP level 1. HP: 11/11 MP: 5/5
    45 | D:1      | Reached skill level 3 in Ranged Weapons
    88 | D:1      | Reached XP level 2. HP: 2/16 MP: 6/6
   192 | D:1      | Reached skill level 4 in Ranged Weapons
   732 | D:2      | Reached XP level 3. HP: 20/20 MP: 7/7
   738 | D:2      | Reached skill level 5 in Ranged Weapons
   834 | D:2      | Found a shadowy altar of Dithmenos.
   944 | D:2      | Reached XP level 4. HP: 24/24 MP: 8/8
  1003 | D:2      | Reached skill level 6 in Ranged Weapons
  1124 | D:2      | Found a runed translucent door.
  1125 | D:2      | Noticed Crazy Yiuf
  1377 | D:3      | Slain by a white imp

Illustrated notes

Levels and vault maps discovered:
D:1:      onia_arrival_pyramid, layout_loops_ring, serial_bayou_pond_e
D:2:      layout_basic, serial_glass, glass_columns_a, glass_columns_a,
          glass_columns_b, glass_columns_b, glass_columns_b, glass_columns_b,
          basic_altar, uniq_crazy_yiuf_cottage
D:3:      minmay_octagon_keep, layout_rooms, grunt_gozag_statues

Skill      XL: |  1  2  3  4 |
---------------+-------------+-----
Ranged Weapons | 3 4 5 6 |  6.1
Fighting       | |  0.7
Dodging        | |  2.4
Spellcasting   | |  1.5
Hexes          | |  4.0

Action                   |  1- 3 |  4- 6 || total
-------------------------+-------+-------++-------
 Fire: Sling             |   125 |    45 ||   170
 Cast: Slow              |     1 |       ||     1
Armor: Robe              |     5 |     4 ||     9
Dodge: Dodged            |    29 |    18 ||    47

Table legend: (Time is in decaauts)
 A = Elapsed time spent in this place.
 B = Non-inter-level travel time spent in this place.
 C = Inter-level travel time spent in this place.
 D = Time resting spent in this place.
 E = Time spent auto-exploring this place.
 F = Levels seen in this place.
 G = Mean time per level.
                   A        B        C        D        E       F      G
               +--------+--------+--------+--------+--------+-----+--------+
         Total |   1406 |   1299 |    107 |      9 |   1001 |   3 |  468.7 |
       Dungeon |   1406 |   1299 |    107 |      9 |   1001 |   3 |  468.7 |
               +--------+--------+--------+--------+--------+-----+--------+

Top non-repeatable levels by time:
     D:1: 739 daAuts
     D:2: 633 daAuts
     D:3: 33 daAuts
